 Dungeon Crawl Stone Soup version 0.22.0 (webtiles) character file.

12081 Blackhawk the Blocker (level 12, -1/95 HPs)
             Began as a Formicid Abyssal Knight on Oct 26, 2018.
             Was a High Priest of Lugonu.
             Slain by a two-headed ogre
             ... wielding a +0 giant spiked club
              (24 damage)
             ... on level 11 of the Dungeon.
             The game lasted 00:55:31 (14730 turns).

Blackhawk the Blocker (Formicid Abyssal Knight)    Turns: 14730, Time: 00:55:32

Health: -1/95      AC: 26    Str: 20    XL:     12   Next: 15%
Magic:  19/19      EV:  7    Int: 11    God:    Lugonu [*****.]
Gold:   740        SH: 13    Dex: 13    Spells: 11/11 levels left

rFire    x . .     SeeInvis +   q - +2 mace (protect)
rCold    + . .     Gourm    .   m - +1 shield of Wahafitz {rCorr Int-3 Dex+3}
rNeg     . . .     Faith    .   L - +0 plate armour
rPois    .         Spirit   .   (helmet unavailable)
rElec    .         Reflect  .   k - +0 cloak
rCorr    +         Harm     .   s - +0 pair of gloves
MR       +....                  E - +1 pair of boots
Stlth    ..........             (no amulet)
HPRegen  0.25/turn              w - ring of ice
MPRegen  0.16/turn              I - ring of resist corrosion

@: protection aura
A: permanent stasis, dig shafts and tunnels, four strong arms, antennae 3
a: Dig, Shaft Self, Depart the Abyss, Bend Space, Banish, Corrupt, Enter the
Abyss, Renounce Religion


You were on level 11 of the Dungeon.
You worshipped Lugonu.
Lugonu was extremely pleased with you.
You were not hungry.

You visited 1 branch of the dungeon, and saw 11 of its levels.
You visited the Abyss 1 time.

You collected 740 gold pieces.

Inventory:

Hand Weapons
 a - a +1 mace
 q - a +2 mace of protection (weapon)
 H - a +1 flail of crushing
 J - a +2 antimagic flail
Missiles
 j - 330 stones (quivered)
 r - a throwing net
 x - 60 sling bullets
 y - 10 javelins
 K - 6 tomahawks
Armour
 k - a +0 cloak (worn)
 m - the +1 shield of Wahafitz (worn) {rCorr Int-3 Dex+3}
   (You found it on level 4 of the Dungeon)

   It affects your intelligence (-3).
   It affects your dexterity (+3).
   It provides partial protection from all sources of acid and corrosion.
 s - a +0 pair of gloves (worn)
 E - a +1 pair of boots (worn)
 L - a +0 plate armour (worn)
Jewellery
 w - a ring of ice (left hand)
 I - a ring of resist corrosion (right hand)
Wands
 t - a wand of clouds (7)
 u - a wand of digging (19)
 z - a wand of disintegration (14)
 C - a wand of paralysis (5)
 F - a wand of polymorph (9)
Scrolls
 b - a scroll of silence
 e - 2 scrolls of enchant armour
 g - a scroll of immolation
 i - 8 scrolls of remove curse
 p - a scroll of noise
 A - 3 scrolls of fog
 D - a scroll of torment
 G - 2 scrolls of amnesia
Potions
 d - 7 potions of curing
 f - 2 potions of might
 h - 2 potions of agility {unknown}
 n - a potion of lignification
 o - a potion of cancellation
 v - 5 potions of heal wounds
 B - a potion of ambrosia
Comestibles
 c - 34 rations


   Skills:
 + Level 9.0 Fighting
 + Level 7.9 Maces & Flails
 + Level 8.6 Armour
 - Level 2.6 Dodging
 * Level 11.6 Shields
 + Level 9.4 Invocations
 + Level 3.1 Evocations


You had 11 spell levels left.
You didn't know any spells.
Your spell library contained the following spells:

 Spells                   Type           Power        Failure   Level  Hunger
 Summon Small Mammal      Summ           #...         100%        1    ##.....
 Summon Ice Beast         Ice/Summ       #.......     100%        4    #####..
 Call Imp                 Summ           #.......     100%        2    ###....
 Call Canine Familiar     Summ           #.......     100%        3    ####...
 Summon Lightning Spire   Summ/Air       #.......     100%        4    #####..
 Summon Guardian Golem    Hex/Summ       #.......     100%        3    ####...


Dungeon Overview and Level Annotations

Branches:
Dungeon (11/15)            Temple (0/1) D:6            Lair (0/6) D:9
    Orc (0/2) D:11

Altars:
Elyvilon
Fedhas
Sif Muna
Wu Jian
Xom
The Shining One

Shops:
D:8 ?

Annotations:
D:2 exclusion: oklob plant
D:10 2 transporters, malaphysto's ghost, novice DsGl
Abyss:1 Prince Ribbit


Innate Abilities, Weirdness & Mutations

You cannot be hasted, slowed, berserked, paralysed or teleported.
You can dig through walls and to a lower floor.
Your four strong arms can wield two-handed weapons with a shield.
You have a pair of large antennae on your head. (SInv)


Message History

The two-headed ogre is almost dead.
You hit the two-headed ogre but do no damage.
The two-headed ogre is almost dead.
The two-headed ogre hits you but does no damage.
You block the two-headed ogre's attack.
You hit the two-headed ogre but do no damage.
The two-headed ogre is almost dead.
The two-headed ogre hits you with a giant spiked club.
* * * LOW HITPOINT WARNING * * *
The two-headed ogre hits you but does no damage.
You hit the two-headed ogre.
The two-headed ogre is almost dead.
The two-headed ogre hits you with a giant spiked club.
* * * LOW HITPOINT WARNING * * *
You block the two-headed ogre's attack.
You hit the two-headed ogre but do no damage.
The two-headed ogre is almost dead.
A water moccasin comes into view.
The two-headed ogre hits you with a giant spiked club!!
You die...

............................
...........................
...............###########
##....#.....#....##
....##.....##....## #
#.##..#.#..##.#..## ##.
##....##.##....##..####
##..##..#.##...##.#..##....#
#......##....O@...##..†....#
#...#.##..#.....#..##.#....#
###..##....##.....##....##...####
....##..#.##..#.#..##.#..##......
.......##....##.##....##.........
......##....##... #....##........
###.......S.................#####
#...##....##...##....##...#
#....##....# .# ....##....#


You could see a two-headed ogre and a water moccasin (wandering).

Vanquished Creatures
  Pikel (D:7)
  2 cyclopes (D:11)
  An ugly thing (D:11)
  Psyche (D:10)
  A gargoyle (D:10)
  2 hornets
  A troll (D:9)
  3 hippogriffs
  Sigmund (D:2)
  2 wraiths (D:10)
  10 yaks (D:10)
  A shadow (D:11)
  A human (D:7)
  A wyvern (D:11)
  4 hogs (D:7)
  3 hungry ghosts
  Menkaure (D:6)
  2 water moccasins
  A soldier ant (D:11)
  5 porcupines (D:9)
  4 orc warriors
  2 sky beasts
  3 black bears
  A slave (D:7)
  An eye of draining (D:10)
  2 centaurs
  6 ogres
  A crocodile (D:9)
  3 big kobolds
  5 bullfrogs
  Blork the orc (D:4)
  3 scorpions
  4 wights (D:10)
  2 howler monkeys
  A centaur zombie (D:8)
  3 crimson imps
  A quasit (D:10)
  3 bullfrog zombies
  2 bullfrog skeletons (D:5)
  6 hounds
  A jelly (D:10)
  8 orc wizards
  8 orc priests
  A centaur skeleton (D:7)
  An iguana (D:5)
  11 worker ants
  Natasha (twice) (D:2)
  A killer bee zombie (D:10)
  A hound zombie (D:10)
  A hound skeleton (D:8)
  3 worker ant zombies
  Robin (D:2)
  2 gnolls (D:6)
  2 river rats (D:6)
  9 adders
  2 shadow imps
  2 oozes
  An adder skeleton (D:4)
  6 worms
  A dart slug (D:1)
  7 leopard geckos
  47 orcs
  12 bats
  8 giant cockroaches
  11 goblins
  9 hobgoblins
  22 jackals
  3 quokkas
  4 ball pythons
  5 frilled lizards
  A jackal zombie (D:6)
  17 kobolds
  A leopard gecko zombie (D:7)
  4 quokka skeletons
  A quokka zombie (D:5)
  6 rats
320 creatures vanquished.

Vanquished Creatures (others)
  3 slaves (D:7)
  A worker ant (D:7)
  A quokka zombie (D:5)
  4 fungi
9 creatures vanquished.

Grand Total: 329 creatures vanquished

Notes
Turn   | Place    | Note
-------+----------+-------------------------------------------
     0 | Abyss:1  | Blackhawk the Formicid Abyssal Knight began the quest for the Orb.
     0 | Abyss:1  | Reached XP level 1. HP: 18/18 MP: 2/2
    80 | Abyss:1  | Noticed an apocalypse crab
    81 | D:1      | Escaped the Abyss
   135 | D:1      | Reached skill level 1 in Dodging
   163 | D:1      | Reached XP level 2. HP: 19/24 MP: 3/3
   167 | D:1      | Reached * piety under Lugonu
   965 | D:1      | Reached XP level 3. HP: 29/29 MP: 4/4
  1441 | D:2      | Noticed Robin
  1456 | D:2      | Killed Robin
  1456 | D:2      | Reached XP level 4. HP: 25/37 MP: 6/6
  1559 | D:2      | Found a faded altar of an unknown god.
  1562 | D:2      | Noticed Natasha
  1585 | D:2      | Killed Natasha
  1838 | D:2      | Noticed Sigmund
  1873 | D:2      | Killed Sigmund
  1873 | D:2      | Reached ** piety under Lugonu
  1873 | D:2      | Reached XP level 5. HP: 33/43 MP: 7/7
  1873 | D:2      | Reached XP level 6. HP: 38/49 MP: 8/8
  2107 | D:2      | Found a deep blue altar of Sif Muna.
  2413 | D:2      | Found a white marble altar of Elyvilon.
  2414 | D:2      | Found a glowing golden altar of the Shining One.
  2452 | D:2      | Noticed Natasha
  2462 | D:2      | Killed Natasha
  2473 | D:2      | Found a blossoming altar of Fedhas.
  2484 | D:2      | Noticed an oklob plant
  3655 | D:4      | Got a polished shield
  3665 | D:4      | Identified the +1 shield of Wahafitz {rCorr Int-3 Dex+3} (You found it on level 4 of the Dungeon)
  4020 | D:4      | Noticed an ogre
  4042 | D:4      | Killed an ogre
  4042 | D:4      | Reached skill level 1 in Shields
  4042 | D:4      | Reached XP level 7. HP: 31/55 MP: 10/10
  4401 | D:5      | Entered Level 5 of the Dungeon
  4401 | D:5      | Noticed Blork the orc
  4475 | D:4      | Killed Blork the orc
  4475 | D:4      | Reached skill level 2 in Shields
  4734 | D:4      | Reached skill level 5 in Fighting
  4734 | D:4      | Reached skill level 3 in Shields
  4734 | D:4      | Reached XP level 8. HP: 40/62 MP: 11/11
  5189 | D:5      | Reached skill level 4 in Shields
  5189 | D:5      | Reached skill level 5 in Invocations
  5226 | D:5      | Reached *** piety under Lugonu
  5698 | D:5      | Reached skill level 5 in Armour
  5698 | D:5      | Reached skill level 5 in Shields
  6145 | D:6      | Found a staircase to the Ecumenical Temple.
  6337 | D:6      | Found an ornate altar of the Wu Jian Council.
  6507 | D:6      | Reached XP level 9. HP: 65/69 MP: 13/13
  6723 | D:6      | Noticed Menkaure
  7325 | D:6      | Reached skill level 5 in Maces & Flails
  7507 | D:6      | Killed Menkaure
  7507 | D:6      | Reached skill level 6 in Shields
  7642 | D:7      | Noticed a hippogriff
  7676 | D:6      | Killed a hippogriff
  7900 | D:7      | Noticed Pikel
  7971 | D:7      | Killed Pikel
  7971 | D:7      | Reached skill level 7 in Shields
  7992 | D:7      | Noticed Prince Ribbit
  8023 | D:7      | Banished Prince Ribbit
  8458 | D:7      | Reached XP level 10. HP: 76/77 MP: 15/15
  8497 | D:7      | Reached skill level 8 in Shields
  9181 | D:8      | Reached **** piety under Lugonu
  9463 | D:8      | Found Koupetziw's Magic Scroll Emporium.
  9538 | D:8      | Reached skill level 9 in Shields
 10044 | D:9      | Found a staircase to the Lair.
 10931 | D:10     | Entered Level 10 of the Dungeon
 10945 | D:10     | Reached XP level 11. HP: 86/86 MP: 17/17
 10948 | D:10     | Found a transporter.
 10952 | D:10     | Noticed malaphysto's ghost (novice DsGl)
 11027 | D:10     | Reached skill level 10 in Shields
 11732 | D:10     | Found a transporter.
 12322 | D:10     | Reached skill level 1 in Evocations
 12350 | D:10     | Found a shimmering altar of Xom.
 12382 | D:10     | Reached ***** piety under Lugonu
 12638 | D:11     | Noticed Psyche
 12758 | D:10     | Killed Psyche
 12758 | D:10     | Reached skill level 11 in Shields
 13570 | D:11     | Noticed a cyclops
 13592 | D:11     | Killed a cyclops
 13761 | D:11     | Noticed a cyclops
 13780 | D:11     | Killed a cyclops
 13817 | D:11     | Found a staircase to the Orcish Mines.
 13984 | D:11     | Reached XP level 12. HP: 91/94 MP: 18/18
 14105 | D:11     | Noticed a two-headed ogre
 14730 | D:11     | Slain by a two-headed ogre

Skill      XL: |  1  2  3  4  5  6  7  8  9 10 11 12 |
---------------+-------------------------------------+-----
Dodging        | 1 2 |  2.6
Invocations    | 3 4 5 6 8 9 |  9.4
Armour         | 3 4 5 6 7 8 |  8.6
Fighting       | 4 5 6 7 8 9 |  9.0
Maces & Flails | 3 4 5 6 7 |  7.9
Shields        | 1 3 5 7 9 11 | 11.6
Evocations     | 2 3 |  3.1

Action                   |  1- 3 |  4- 6 |  7- 9 | 10-12 || total
-------------------------+-------+-------+-------+-------++-------
Melee: Mace              |   100 |   177 |   458 |  1206 ||  1941
Invok: Depart the Abyss  |     1 |       |       |       ||     1
       Banish            |       |       |     2 |     1 ||     3
 Abil: Dig               |     1 |     3 |    14 |    16 ||    34
  Use: Scroll            |       |       |       |    21 ||    21
  Eat: Chunk             |     2 |     8 |    18 |    33 ||    61
Armor: Leather armour    |    32 |    46 |    52 |       ||   130
       Scale mail        |       |       |   135 |   225 ||   360
       Chain mail        |       |       |       |   153 ||   153
       Plate armour      |       |       |       |    61 ||    61
Dodge: Dodged            |    72 |    99 |   177 |   354 ||   702
Block: Shield            |       |     7 |   284 |   732 ||  1023
